AoeStats
← Goose2210

Arena

509402897Analyzed
1v1 RM · 5d ago on Sep 26, 2026· 46m 53s· 2 players
Game mode
Random Map
Map size
Tiny (2 player)
Population
200
Speed
Normal
Resources
Standard
Victory
Conquest
Starting age
Dark Age
Ending age
Imperial Age
RankedLock teamsTeams togetherTeam positionsShared explorationLock speedFull tech treeHidden civsTurbo modeCheats
Victory
Defeat
🇷🇺 Danes · Russia
1270
+15
🇨🇴 Burgundians · Colombia
1259
-15
Goose2210
5:24 Double-Bit Axe
10:35 Feudal Age
15:01 Castle Age
13:45 Bow Saw
13:28 Horse Collar
15:25 Light Cavalry
21:36 Gold Mining
21:42 Stone Mining
23:07 Wheelbarrow
22:55 Town Watch
22:59 Loom
25:44 Hand Cart
25:39 Heavy Plow
25:41 Gold Mining
29:15 Imperial Age
27:28 Crop Rotation
27:37 Gold Shaft Mining
28:03 Town Patrol
28:40 Treadmill Crane
29:13 Guilds
29:04 Padded Archer Armor
31:15 Chemistry
30:59 Stone Shaft Mining
31:05 Leather Archer Armor
31:22 Conscription
31:43 Burgundian Vineyards
31:26 Hussar
32:15 Scale Barding Armor
32:21 Forging
34:00 Chain Barding Armor
42:10 Onager
44:02 Plate Barding Armor
44:02 Iron Casting
45:47 Husbandry
45:07 Cavalier
[SDG]Koliasik
11:30 Feudal Age
12:28 Double-Bit Axe
12:58 Horse Collar
15:23 Castle Age
16:08 Heavy Plow
16:30 Bow Saw
20:46 Wheelbarrow
20:25 Town Watch
21:46 Heavy Plow
27:50 Imperial Age
26:25 Scale Mail Armor
26:16 Gambesons
27:30 Chain Mail Armor
27:18 Squires
27:39 Gold Mining
28:28 Onager
29:17 Devotion
30:57 Hand Cart
30:27 Loom
30:21 Hamask
31:22 Conscription
30:33 Northmen's Fury
31:03 Elite Varangian Guard
32:34 Siege Engineers
34:18 Chemistry
33:12 Siege Onager
34:32 Redemption
34:52 Hamask
36:10 Plate Mail Armor
36:14 Sanctity
37:04 Block Printing
38:30 Illumination
38:50 Theocracy
38:57 Fervor
41:38 Forging
42:11 Pikeman
43:04 Arson
44:23 Elite Jomsviking
44:59 Halberdier
46:35 Iron Casting
45:31 Capped Ram
48:32 Blast Furnace
Connection lost

Rejoining the realm…

Still unreachable

The connection could not be restored.

Session expired

The server has moved on; the page needs a fresh start.